 Dungeon Crawl Stone Soup version 0.30.1-11-g7821555f0a (webtiles) character file.

Game seed: 1342224977664358764

215 MrIGI the Covered (level 5, 0/72 HPs)
             Began as an Armataur Berserker on Dec 12, 2023.
             Was a Believer of Trog.
             Slain by a quasit (2 damage)
             ... summoned by Eustachio
             ... on level 4 of the Dungeon.
             The game lasted 00:07:40 (2466 turns).

MrIGI the Covered (Armataur Berserker)              Turns: 2466, Time: 00:07:40

Health: 0/72       AC:  7    Str: 24    XL:     5   Next: 60%
Magic:  0/5        EV:  9    Int:  7    God:    Trog [**....]
Gold:   215        SH:  0    Dex: 10    Spells: 4/4 levels left

rFire   . . .        a - +0 mace
rCold   . . .        (no shield)
rNeg    . . .        c - +0 ring mail
rPois   .            z - +0 helmet
rElec   .            (no cloak)
rCorr   .            (no gloves)
SInv    .            (no barding)
Will    .....        n - amulet of guardian spirit Stlth
                     (no ring)
HPRegen 0.32/turn    (no ring)
MPRegen 0.09/turn

%: guardian spirit, roll
@: berserking, very quick
A: large, rugged brown scales 3, deformed body, armoured tail, roll, long
tongue, awkward tongue
a: Renounce Religion, Berserk, Trog's Hand


You were on level 4 of the Dungeon.
You worshipped Trog.
Trog was pleased with you.
You visited 1 branch of the dungeon, and saw 4 of its levels.

You collected 215 gold pieces.

Inventory:

Hand Weapons
 a - a +0 mace (weapon)
 m - a +2 short sword of protection
 o - a +0 rapier
 r - a +2 trident of protection
Armour
 b - a +0 animal skin
 c - a +0 ring mail (worn)
 z - a +0 helmet (worn)
Magical Staves
 q - a staff of poison
Jewellery
 n - an amulet of guardian spirit (around neck)
Scrolls
 f - 2 scrolls of identify {unknown}
 j - a scroll of fog {unknown}
 l - 2 scrolls of teleportation {unknown}
 s - a scroll of enchant armour {unknown}
 t - a scroll of enchant weapon {unknown}
 w - a scroll of immolation {unknown}
 x - a scroll of torment {unknown}
 y - 2 scrolls of noise {unknown}
Potions
 d - a potion of degeneration {unknown}
 e - a potion of haste
 g - a potion of cancellation {unknown}
 h - a potion of invisibility
 i - a potion of brilliance {unknown}
 k - a potion of heal wounds {unknown}
 p - a potion of resistance {unknown}
 u - a potion of mutation {unknown}
 v - a potion of curing {unknown}


   Skills:
 + Level 3.3 Fighting
 + Level 4.1 Maces & Flails
 + Level 4.2 Armour
 + Level 1.9 Dodging
 * Level 1.7 Stealth


You had 4 spell levels left.
You didn't know any spells.
Your spell library contained the following spells:

 Spells                   Type           Power      Damage    Failure   Level
 Ozocubu's Armour         Ice            0%         N/A       91%         3
 Ozocubu's Refrigeration  Ice            0%         4d7       100%        7


Dungeon Overview and Level Annotations

Branches:
Dungeon (4/15)
 Temple: D:4-7

Altars:
Ru

Annotations:
D:3 Natasha, Terence
D:4 Eustachio


Innate Abilities, Weirdness & Mutations

You are completely covered in rugged brown scales. (AC +3, +7% HP)
Armour fits poorly on your strangely shaped body.
You have a long armoured tail.
You roll when moving toward enemies. (Rampage)
Your long tongue fully drains potion bottles. (2x potion effects)
Your tongue gives you trouble enunciating. (1.5x scroll delay)


Message History

* * * LOW HITPOINT WARNING * * *
You hit Ijyb.
Ijyb is heavily wounded.
Ijyb hits you but does no damage.
You hit Ijyb.
Ijyb is severely wounded.
Ijyb zaps a wand.
The puff of flame hits you!
* * * LOW HITPOINT WARNING * * *
Ijyb barely misses you.
A red film seems to cover your vision as you go berserk!
You feel yourself moving faster!
You feel mighty! Ijyb hits you with a +0 club.
* * * LOW HITPOINT WARNING * * *
Eustachio casts a spell.
You are too berserk!
You sock Ijyb!
You kill Ijyb!
Trog accepts your kill.
You roll towards Eustachio!
A kobold comes into view. It is wielding a +0 club.
The kobold shouts!
You sock Eustachio!
Your tail-slap misses Eustachio.
Eustachio is lightly wounded.
The quasit bites you but does no damage.
The quasit closely misses you.
The quasit claws you but does no damage.
Eustachio closely misses you. The quasit closely misses you.
The quasit claws you but does no damage.
The quasit closely misses you.
You hit Eustachio. You tail-slap Eustachio.
Eustachio is heavily wounded.
Eustachio hits you with a +0 rapier of speed.
* * * LOW HITPOINT WARNING * * *
The quasit completely misses you. The quasit barely misses you.
The quasit claws you but does no damage.
Eustachio hits you with a +0 rapier of speed.
* * * LOW HITPOINT WARNING * * *
You closely miss Eustachio. You tail-slap Eustachio!
Eustachio is severely wounded.
The quasit bites you.
You die...

# #.##....##.#
#)#
###.##.#.###.#
#.#
...<##.#.###.#
#.#
######.#.....#
#.# #.####..#
#.# #.....>.#
#.# ######.##
#.# #.# #.#
#.# #@########
#.# #@55K.:..#
#.# ########.#
#.#


You could see Eustachio, 2 quasits and a kobold.

Vanquished Creatures
  A lemure (D:4)
  An orc priest (D:3)
  Ijyb (D:4)
  Natasha (D:3)
  Robin (D:2)
  A gnoll (D:2)
  2 adders
  A shadow imp (D:4)
  3 dart slugs
  4 orcs
  5 bats
  3 endoplasms
  4 giant cockroaches (D:1)
  14 goblins
  10 hobgoblins
  2 jackals (D:3)
  5 quokkas
  2 ball pythons
  3 frilled lizards (D:1)
  6 kobolds
  5 rats
75 creatures vanquished.

Notes
Turn   | Place    | Note
-------+----------+-------------------------------------------
     0 | D:1      | MrIGI the Armataur Berserker began the quest for the Orb.
     0 | D:1      | Reached XP level 1. HP: 19/19 MP: 1/1
   112 | D:1      | Reached XP level 2. HP: 26/26 MP: 2/2
   314 | D:1      | Found a faded altar of an unknown god.
   626 | D:1      | Reached XP level 3. HP: 33/33 MP: 3/3
   749 | D:2      | Noticed Robin
   875 | D:3      | Reached ** piety under Trog
   895 | D:3      | Noticed Natasha
  1103 | D:4      | Noticed a lemure
  1165 | D:4      | Reached XP level 4. HP: 30/40 MP: 2/4
  1172 | D:4      | Killed a lemure
  1269 | D:3      | Found a sacrificial altar of Ru.
  1359 | D:3      | Noticed Terence
  2034 | D:3      | Reached skill level 1 in Stealth
  2095 | D:2      | Reached XP level 5. HP: 28/48 MP: 3/5
  2187 | D:2      | Killed Robin
  2231 | D:3      | Killed Natasha
  2241 | D:3      | Noticed Natasha
  2434 | D:4      | Noticed Eustachio
  2451 | D:4      | Noticed Ijyb
  2463 | D:4      | Killed Ijyb
  2465 | D:4      | HP: 2/72 [Eustachio/+0 rapier of speed (4)]
  2466 | D:4      | Slain by a quasit

Illustrated notes

Levels and vault maps discovered:
D:1:      minmay_arrival_four_houses, layout_loops_cross,
          ebering_ecumenical_altar_box, minmay_misc_feat_tiny
D:2:      layout_loops_ring, uniq_robin
D:3:      layout_rooms, hangedman_ru_absence, uniq_terence, uniq_natasha
D:4:      layout_loops_ring, lemuel_doored_altar, uniq_pikel, uniq_eustachio,
          uniq_ijyb, uniq_grinder

Skill      XL: |  1  2  3  4  5 |
---------------+----------------+-----
Maces & Flails | 3 4 |  4.1
Fighting       | 3 |  3.3
Armour         | 3 4 |  4.2
Stealth        | 1 |  1.7
Dodging        | |  1.9

Action                     |  1- 3 |  4- 6 || total
---------------------------+-------+-------++-------
  Melee: Mace              |   114 |   126 ||   240
         Tailslap          |    14 |    13 ||    27
 Invoke: Berserk           |     2 |     3 ||     5
         Trog's Hand       |       |     1 ||     1
    Use: Potion            |       |     2 ||     2
 Armour: Ring mail         |    81 |    69 ||   150
         Animal skin       |     1 |       ||     1
  Dodge: Dodged            |    70 |    72 ||   142
